 Dungeon Crawl Stone Soup version 0.25.1-8-g42b30a86e7 (webtiles) character file.

Game seed: 11639916430906081351

324740 Gabide the Fencer (level 22, -4/174 HPs)
             Began as a Human Wanderer on Dec 12, 2020.
             Was a Priest of Elyvilon (penitent).
             Slain by a tentacled monstrosity (5 damage)
             ... on level 5 of the Vaults on Dec 13, 2020.
             The game lasted 04:19:38 (61459 turns).

Gabide the Fencer (Human Wanderer)                 Turns: 61459, Time: 04:19:39

Health: -4/174     AC: 41    Str: 21    XL:     22   Next: 96%
Magic:  29/31      EV: 10    Int: 13    God:    Elyvilon [*]
Gold:   2233       SH: 22    Dex: 20    Spells: 21/21 levels left

rFire    + . .     SeeInvis +   R - +3 double sword (elec)
rCold    . . .     Gourm    .   i - +2 kite shield {reflect}
rNeg     + . .     Faith    .   c - +12 plate armour of Mutualism {-Cast +Blink rN+}
rPois    .         Spirit   .   Y - +2 helmet {SInv}
rElec    .         Reflect  +   I - +0 cloak {Stlth+}
rCorr    .         Harm     .   z - +0 pair of gloves of Kesaul {Regen+ Dex+4 Stlth+} (curse)
MR       ++...     NoCast   +   X - +2 pair of boots
Stlth    ..........             K - amulet "Icudoqob" {Reflect rF+ SH+5}
HPRegen  0.79/turn              o - ring of protection from magic
MPRegen  0.22/turn              m - +4 ring of slaying

@: brilliant, about to teleport, protection, very slightly contaminated,
constricted, studying Short Blades, invisible, very slow
A: iridescent scales 1, agile 1, blurry vision 1, screaming 1
}: 1/15 runes: barnacled
a: Renounce Religion, Evoke Blink


You were on level 5 of the Vaults.
You worshipped Elyvilon.
Elyvilon was demanding penance.
You were not hungry.

You visited 6 branches of the dungeon, and saw 35 of its levels.

You collected 4443 gold pieces.
You spent 2210 gold pieces at shops.

Inventory:

Hand Weapons
 b - a +2 falchion of flaming
 j - a +0 antimagic spear
 v - the +2 long sword of Gajout {vorpal, rElec}
   (You found it on level 6 of the Dungeon)

   It inflicts extra damage upon your enemies.
   It insulates you from electricity.
 N - a +1 scimitar of holy wrath
 R - a +3 double sword of electrocution (weapon)
Missiles
 k - 76 javelins
 H - 5 silver boomerangs
 Q - 4 curare-tipped darts (quivered)
Armour
 c - the +12 plate armour of Mutualism (worn) {-Cast +Blink rN+}
   (You took it off an orc warrior on level 6 of the Dungeon)

   It protects you from negative energy.
   It lets you blink.
   It prevents spellcasting.
 i - a +2 kite shield of reflection (worn)
 p - the +18 shield of the Gong {rElec rN+ MR+ EV-5}
   (You found it on level 4 of the Vaults)

   It affects your evasion (-5).
   It insulates you from electricity.
   It protects you from negative energy.
   It affects your resistance to hostile enchantments.
 z - the cursed +0 pair of gloves of Kesaul (worn) {Regen+ Dex+4 Stlth+}
   (You found it on level 3 of the Vaults)

   It affects your dexterity (+4).
   It increases your rate of regeneration.
   It makes you more stealthy.
   It has a curse placed upon it.
 I - a +0 cloak of stealth (worn)
 X - a +2 pair of boots (worn)
 Y - a +2 helmet of see invisible (worn)
Jewellery
 m - a +4 ring of slaying (right hand)
 n - an uncursed ring of fire
 o - a ring of protection from magic (left hand)
 r - an uncursed ring of ice
 u - an uncursed ring of ice
 K - the amulet "Icudoqob" (around neck) {Reflect rF+ SH+5}
   (You bought it in a shop on level 2 of the Shoals)

   [amulet of reflection]

   It shields you and reflects attacks.
   It protects you from fire.
   It affects your SH (+5).
Wands
 e - a wand of enslavement (23)
 A - a wand of polymorph (2)
 E - a wand of paralysis (11)
 L - a wand of digging (4)
 M - a wand of acid (7)
Scrolls
 q - 2 scrolls of fear
 t - 2 scrolls of fog
 w - 13 scrolls of remove curse
 y - 2 scrolls of blinking
 B - 8 scrolls of amnesia
 U - a scroll of magic mapping
 V - 9 scrolls of teleportation
Potions
 g - 2 potions of stabbing
 h - 4 potions of flight
 l - 2 potions of brilliance
 s - 6 potions of magic
 J - a potion of ambrosia
 O - 2 potions of curing
 S - 2 potions of cancellation
Books
 T - a manual of Short Blades
Miscellaneous
 G - a phantom mirror
 P - a lightning rod (4/4)
 W - a phial of floods (inert)
Comestibles
 d - 28 rations


   Skills:
 + Level 14.9 Fighting
 - Level 2.5(13.3) Short Blades
 * Level 19.3(19.4) Long Blades
   Level 4.1 Maces & Flails
 - Level 9.7 Polearms
 + Level 9.9 Throwing
 + Level 15.0 Armour
 * Level 8.9 Dodging
 - Level 1.0 Stealth
 - Level 15.0 Shields
 + Level 12.2 Invocations
 - Level 1.0 Evocations


You had 21 spell levels left.
You didn't know any spells.
Your spell library contained the following spells:

 Spells                   Type           Power        Failure   Level  Hunger
 Animate Skeleton         Necr           N/A          97%         1    None
 Apportation              Tloc           #.....       97%         1    None
 Freeze                   Ice            #...         97%         1    None
 Infusion                 Chrm           #...         97%         1    None
 Pain                     Necr           #...         97%         1    None
 Shock                    Conj/Air       #...         97%         1    None
 Summon Butterflies       Summ           #.......     97%         1    None
 Summon Small Mammal      Summ           #...         97%         1    None
 Blink                    Tloc           N/A          99%         2    None
 Call Imp                 Summ           #.......     99%         2    None
 Ensorcelled Hibernation  Hex/Ice        #.....       99%         2    None
 Passwall                 Tmut/Erth      #.......     99%         2    None
 Poisonous Vapours        Pois/Air       #.....       99%         2    None
 Shroud of Golubria       Chrm/Tloc      #.....       99%         2    None
 Song of Slaying          Chrm           #.......     99%         2    None
 Swiftness                Chrm/Air       #.......     99%         2    None
 Call Canine Familiar     Summ           #.......     100%        3    None
 Conjure Flame            Conj/Fire      #.......     100%        3    None
 Frozen Ramparts          Ice            #.....       100%        3    None
 Gell's Gravitas          Tloc           #.........   100%        3    None
 Lesser Beckoning         Tloc           #.........   100%        3    None
 Mephitic Cloud           Conj/Pois/Air  #.......     100%        3    None
 Ozocubu's Armour         Chrm/Ice       #.......     100%        3    None
 Spectral Weapon          Hex/Chrm       #.......     100%        3    None
 Static Discharge         Conj/Air       #.......     100%        3    None
 Summon Guardian Golem    Hex/Summ       #.......     100%        3    None
 Teleport Other           Tloc           #.......     100%        3    None
 Tukima's Dance           Hex            #.......     100%        3    None
 Vampiric Draining        Necr           #.........   100%        3    None
 Airstrike                Air            #.........   100%        4    None
 Animate Dead             Necr           N/A          100%        4    None
 Hailstorm                Conj/Ice       #.......     100%        4    None
 Ice Form                 Ice/Tmut       #.......     100%        4    None
 Passage of Golubria      Tloc           N/A          100%        4    None
 Summon Ice Beast         Ice/Summ       #.......     100%        4    None
 Summon Lightning Spire   Summ/Air       #.......     100%        4    None
 Agony                    Necr           #.......     100%        5    None
 Alistair's Intoxication  Tmut/Pois      #.......     100%        5    None
 Bolt of Magma            Conj/Fire/Erth #.........   100%        5    None
 Borgnjor's Vile Clutch   Necr/Erth      #.........   100%        5    None
 Irradiate                Conj/Tmut      #.........   100%        5    None
 Iskenderun's Battlesphe  Conj/Chrm      #.......     100%        5    None
 Lightning Bolt           Conj/Air       #.........   100%        5    None
 Silence                  Hex/Air        #.........   100%        5    None
 Summon Mana Viper        Hex/Summ       #.......     100%        5    None
 Conjure Ball Lightning   Conj/Air       #.........   100%        6    None
 Darkness                 Hex            #.........   100%        6    None
 Freezing Cloud           Conj/Ice/Air   #.........   100%        6    None
 Hydra Form               Tmut           #.........   100%        6    None
 Invisibility             Hex            #.......     100%        6    None
 Iron Shot                Conj/Erth      #.........   100%        6    None
 Shadow Creatures         Summ           N/A          100%        6    None
 Statue Form              Tmut/Erth      #........    100%        6    None
 Dragon Form              Tmut           #.........   100%        7    None
 Orb of Destruction       Conj           #.........   100%        7    None
 Ring of Flames           Chrm/Fire      #.........   100%        7    None
 Spellforged Servitor     Conj/Summ      #.........   100%        7    None
 Chain Lightning          Conj/Air       #.........   100%        8    None
 Ignition                 Fire           #.........   100%        8    None
 Lehudib's Crystal Spear  Conj/Erth      #.........   100%        8    None
 Absolute Zero            Ice            #.........   100%        9    None
 Fire Storm               Conj/Fire      #.........   100%        9    None
 Shatter                  Erth           #.........   100%        9    None
 Tornado                  Air            #.........   100%        9    None


Dungeon Overview and Level Annotations

Branches:
Dungeon (15/15)            Temple (0/1) D:6            Lair (6/6) D:9
 Shoals (4/4) Lair:3        Snake (0/4) Lair:2          Orc (2/2) D:11
    Elf (3/3) Orc:2        Vaults (5/5) D:13          Crypt (0/3) Vaults:2
 Depths (0/5) D:15
  Slime: Lair:5-6

Altars:
Elyvilon
Kikubaaqudgha
Nemelex Xobeh
Beogh

Shops:
D:5 :   D:11 }   D:12 *   D:14 :   Orc:2 =[(}   Elf:1 [   Shoals:1 :
Shoals:2 =   Shoals:3 =   Vaults:2 (

Annotations:
D:5 3 runed translucent doors, TangoThomas's ghost, novice DsNe; Thomus's ghost, novice HOFi
D:6 Clowwww's ghost, novice DsGl; Jukra's ghost, novice MiBe; denis1488's ghost, novice DrTm; mandor's ghost, novice DrTm
D:14 Roxanne
Lair:1 exclusion: 3 oklob plants
Lair:6 exclusion: 2 oklob plants
Shoals:2 exclusion: upstairs
Shoals:3 exclusion: kraken
Elf:2 1 runed translucent door


Innate Abilities, Weirdness & Mutations

You are partially covered in iridescent scales. (AC +2)
You are agile. (Dex +2)
Scrolls take you a little longer to read.
You occasionally shout uncontrollably at your foes.


Message History

You block the tentacled monstrosity's attack. x2
The tentacled monstrosity tentacle-slaps you but does no damage.
* * * LOW HITPOINT WARNING * * *
The tentacled monstrosity constricts you.
You block the tentacled monstrosity's attack.
The tentacled monstrosity tentacle-slaps you but does no damage. x2
The tentacled monstrosity's grasp on you weakens, but your attempt to escape fails.
You feel slightly more hungry.
You are engulfed in freezing vapours.
The eye of draining changes into a hog!
The yaktaur captain shoots a bolt.
The bolt hits the vault guard!!
The vault guard dies!
The yaktaur captain shoots a bolt.
The bolt hits the tentacled monstrosity!!
You hear a splash.
You block the frost giant's attack.
Your titan hits the titan!!
A vault guard comes into view. It is wielding a +1 long sword.
The tentacled monstrosity tentacle-slaps you but does no damage.
You block the tentacled monstrosity's attack.
The tentacled monstrosity tentacle-slaps you but does no damage.
You die...

.. ....... .(.
....D.. #.p#
###..#..#
..p).#.......
.....#......
#...ppp...#
#...hpc..[#
##..#c)###
#....)CHX@#
#.....C)XC#
.....#..CCC.
...).#........
#..#
###..#..## ...
........ ..
........#
..........


You could see 2 tentacled monstrosities, 2 titans, 2 frost giants, a sphinx
(waterlogged), a stone giant, 2 yaktaur captains, 5 vault guards, a hog shaped
shifter and a friendly titan (summoned, drained).

Vanquished Creatures
  Xtahua (Vaults:3)
  Nikola (Elf:3)
  A lich (Vaults:3)
  Jorgrun (Shoals:2)
  A deep elf master archer (Elf:3)
  4 deep elf blademasters
  Polyphemus (Shoals:1)
  A titan (Vaults:5)
  3 sphinxes
  A shadow dragon (Vaults:3)
  6 frost giants
  The ghost of Iqoyno the Warrior, an adept GrFi of Okawaru (Shoals:3)
  7 vault wardens
  2 deep elf sorcerers
  3 deep elf elementalists (Elf:3)
  4 very ugly things (Vaults:4)
  6 stone giants
  8 ironheart preservers
  An entropy weaver (Vaults:1)
  Nessos (Lair:4)
  5 deep elf demonologists
  6 deep elf annihilators (Elf:3)
  Snorg (Lair:6)
  5 fire dragons
  6 merfolk javelineers (Shoals:4)
  2 ettins
  5 deep elf death magi
  7 yaktaur captains
  6 merfolk impalers
  Erolcha (Orc:2)
  5 ogre magi
  3 great orbs of eyes
  2 ice dragons
  9 deep elf high priests
  7 hydras
  7 centaur warriors
  3 death knights
  3 rakshasas
  3 merfolk avatars
  A vault guard (Vaults:4)
  2 catoblepae
  18 two-headed ogres
  2 merfolk aquamancers
  30 dancing weapons
  5 satyrs (Shoals:4)
  3 deep troll shamans
  9 death yaks
  A deep troll earth mage (Vaults:4)
  16 deep elf knights
  A large abomination (Elf:3)
  A shadow wraith (Vaults:3)
  8 skeletal warriors
  A storm dragon skeleton (D:15)
  9 sea snakes
  A flayed ghost (Vaults:4)
  3 unseen horrors
  11 deep trolls
  15 deep elf archers
  2 wizards (Vaults:3)
  Pikel (D:3)
  A lindwurm (Lair:6)
  A golden dragon skeleton (D:15)
  An orange crystal statue (Elf:2)
  2 phantasmal warriors
  6 ironbrand convokers
  14 harpies
  2 necromancers
  A stone giant zombie (D:15)
  7 ugly things
  A wolf spider zombie (D:15)
  60 deep elf magi
  12 orc knights
  4 wolf spiders
  2 orc sorcerers
  25 fauns
  A fire giant zombie (D:15)
  10 cyclopes
  A moth of wrath (shapeshifter) (Elf:3)
  14 manticores
  6 merfolk sirens
  20 elephants
  8 black mambas
  A black mamba (shapeshifter) (Vaults:2)
  A storm dragon simulacrum (D:15)
  10 vault sentinels
  3 molten gargoyles
  5 centaur skeletons
  7 water nymphs
  A rime drake (Lair:1)
  A gargoyle (D:15)
  13 spiny frogs
  14 komodo dragons
  A redback zombie (D:15)
  A yaktaur zombie (D:15)
  A kobold demonologist (D:15)
  A yaktaur (shapeshifter) (Elf:2)
  13 yaktaurs
  A guardian mummy (D:14)
  11 freezing wraiths
  9 trolls
  3 yaktaur skeletons (Vaults:2)
  A merfolk (shapeshifter) (Vaults:1)
  27 merfolk
  3 meliai (D:14)
  5 wind drakes
  3 hornets
  A wind drake (shapeshifter) (Elf:1)
  6 blink frogs
  A dream sheep (shapeshifter) (Vaults:4)
  A raiju (shapeshifter) (Vaults:3)
  6 snapping turtles
  32 dream sheep
  13 hippogriffs
  A blink frog (shapeshifter) (Elf:1)
  18 slime creatures
  A hippogriff (shapeshifter) (Vaults:1)
  Sigmund (D:2)
  3 air elementals
  A centaur simulacrum (D:15)
  14 water elementals
  An ettin skeleton (Vaults:2)
  4 wyverns
  A shadow (D:14)
  33 yaks
  6 fire bats (Lair:1)
  9 wraiths
  6 basilisks
  4 fire elementals
  3 hungry ghosts
  A steam dragon (Lair:6)
  A harpy simulacrum (D:15)
  3 nagas (Lair:2)
  4 wargs
  4 acid dragons
  10 water moccasins
  4 hell hounds (Lair:6)
  7 porcupines
  2 deep troll skeletons (Vaults:2)
  9 ice beasts
  40 orc warriors
  2 black bears
  4 sky beasts
  3 necrophages
  21 ogres
  3 boggarts (Vaults:1)
  12 wolves
  14 crocodiles
  18 centaurs
  An elf simulacrum (Vaults:1)
  5 big kobolds
  15 bullfrogs
  7 human skeletons (Vaults:2)
  A gnoll sergeant (D:9)
  A wyvern zombie (D:15)
  4 earth elementals
  A water moccasin skeleton (D:7)
  2 scorpions
  9 killer bees
  3 wights (D:10)
  4 howler monkeys
  An electric eel (Lair:1)
  3 lava snakes (Lair:6)
  8 crimson imps
  4 centaur zombies
  8 hounds
  2 quasits
  A bullfrog zombie (D:6)
  2 bullfrog skeletons
  4 jellies
  24 orc priests
  A gnoll shaman (D:6)
  5 iguanas
  48 orc wizards
  10 worker ants
  3 human simulacra
  A hound zombie (D:5)
  2 hound skeletons (D:6)
  A howler monkey zombie (D:10)
  10 gnolls
  15 adders
  5 shadow imps
  2 adder zombies
  A worm (D:4)
  6 dart slugs
  6 leopard geckos
  125 orcs
  A ball python (D:2)
  3 bats (D:1)
  8 giant cockroaches
  11 goblins
  13 hobgoblins
  14 jackals
  4 quokkas
  6 frilled lizards
  8 kobolds
  A leopard gecko skeleton (D:8)
  A quokka skeleton (D:5)
  8 rats
  2 crawling corpses (Elf:3)
  A plant (Shoals:4)
  A withered plant (Shoals:1)
1376 creatures vanquished.

Vanquished Creatures (collateral kills)
  A deep elf sorcerer (Elf:3)
  A deep elf annihilator (Elf:3)
  A vault guard (Vaults:5)
  A dancing weapon (Vaults:5)
  An orc priest (Orc:2)
  An orc wizard (Orc:2)
  2 orcs (Orc:2)
  A crawling corpse (Elf:3)
9 creatures vanquished.

Vanquished Creatures (others)
  A fire giant (Vaults:5)
  An ironheart preserver (Vaults:2)
  An ettin (Vaults:3)
  2 vault guards (Vaults:5)
  An orc high priest (Orc:2)
  2 deep elf knights
  A death drake (shapeshifter) (Vaults:5)
  3 deep elf magi (Elf:2)
  A manticore (Shoals:4)
  A merfolk (Shoals:3)
  A slave (D:4)
  A centaur (Vaults:3)
  A wolf (Lair:3)
  An orc priest (D:4)
  An orc wizard (D:4)
  An adder (D:4)
  A leopard gecko (D:4)
  2 orcs (D:4)
  5 bushes (Shoals:4)
  15 fungi
  76 plants
  19 tentacles
  2 withered plants (D:15)
140 creatures vanquished.

Grand Total: 1525 creatures vanquished

Notes
Turn   | Place    | Note
-------+----------+-------------------------------------------
     0 | D:1      | Gabide the Human Wanderer began the quest for the Orb.
     0 | D:1      | Gabide set off with the following items: a +2 spear, a +0
                  | ring mail, a potion of curing, a ration
     0 | D:1      | Reached XP level 1. HP: 16/16 MP: 1/1
   189 | D:1      | Reached XP level 2. HP: 19/22 MP: 2/2
   514 | D:1      | Reached XP level 3. HP: 19/27 MP: 3/3
  1254 | D:2      | Reached XP level 4. HP: 27/33 MP: 4/4
  1255 | D:2      | Noticed Sigmund
  1480 | D:2      | Killed Sigmund
  1480 | D:2      | Reached skill level 5 in Polearms
  1480 | D:2      | Reached XP level 5. HP: 32/39 MP: 5/5
  1480 | D:2      | Reached XP level 6. HP: 38/46 MP: 6/6
  2951 | D:4      | Noticed a slave
  2955 | D:4      | Noticed a slave
  2955 | D:4      | Noticed Pikel
  2955 | D:4      | Noticed a slave
  2956 | D:4      | Noticed a slave
  3016 | D:3      | Killed Pikel
  3016 | D:3      | Reached skill level 1 in Dodging
  3016 | D:3      | Reached XP level 7. HP: 18/52 MP: 7/7
  3016 | D:3      | Reached XP level 8. HP: 20/58 MP: 8/8
  4353 | D:5      | Entered Level 5 of the Dungeon
  4732 | D:5      | Reached skill level 5 in Armour
  5299 | D:5      | Found a runed translucent gate.
  5300 | D:5      | Found a runed translucent gate.
  5301 | D:5      | Found a runed translucent gate.
  5306 | D:5      | Noticed TangoThomas's ghost (novice DsNe)
  5437 | D:5      | Found Bifetaop's Book Emporium.
  5538 | D:6      | Reached skill level 1 in Long Blades
  5538 | D:6      | Reached XP level 9. HP: 54/65 MP: 9/9
  5806 | D:6      | Reached skill level 2 in Long Blades
  6087 | D:6      | Reached skill level 3 in Long Blades
  6404 | D:6      | Identified the +12 plate armour of Mutualism {-Cast +Blink
                  | rN+}
  6404 | D:6      | Noticed Thomus's ghost (novice HOFi)
  6406 | D:6      | Found a runed translucent gate.
  6410 | D:6      | Found a runed translucent gate.
  6411 | D:6      | Found a runed translucent gate.
  6418 | D:6      | Found a roughly hewn altar of Beogh.
  6447 | D:6      | Reached skill level 4 in Long Blades
  6450 | D:6      | Gained mutation: You are partially covered in iridescent
                  | scales. (AC +2) [potion of mutation]
  6450 | D:6      | Gained mutation: You occasionally shout uncontrollably at
                  | your foes. [potion of mutation]
  6450 | D:6      | Gained mutation: You are agile. (Dex +2) [potion of
                  | mutation]
  7183 | D:6      | Got a slimy shortbow
  7234 | D:6      | Found a staircase to the Ecumenical Temple.
  7238 | D:6      | Got a dazzling long sword
  7239 | D:6      | Identified the +2 long sword of Gajout {vorpal, rElec} (You
                  | found it on level 6 of the Dungeon)
  7374 | D:6      | Identified the +7 shortbow of the Gloaming {flame, +Blink
                  | +Fly} (You found it on level 6 of the Dungeon)
  7528 | D:6      | Reached skill level 5 in Long Blades
  8214 | D:7      | Noticed denis1488's ghost (novice DrTm)
  8216 | D:7      | Found a runed translucent gate.
  8216 | D:7      | Noticed mandor's ghost (novice DrTm)
  8217 | D:7      | Found a runed translucent gate.
  8217 | D:7      | Found a runed translucent gate.
  8217 | D:7      | Noticed Jukra's ghost (novice MiBe)
  8218 | D:7      | Noticed Clowwww's ghost (novice DsGl)
  8544 | D:7      | Reached skill level 6 in Long Blades
  8649 | D:7      | Reached XP level 10. HP: 71/73 MP: 10/10
  9044 | D:8      | Reached skill level 7 in Long Blades
  9075 | D:8      | Reached skill level 5 in Fighting
  9148 | D:8      | Reached skill level 8 in Long Blades
  9800 | D:8      | Found a white marble altar of Elyvilon.
  9999 | D:8      | Reached skill level 1 in Shields
 10239 | D:8      | Became a worshipper of Elyvilon the Healer
 10731 | D:9      | Reached skill level 9 in Long Blades
 10889 | D:9      | Noticed a three-headed hydra
 10893 | D:9      | Killed a one-headed hydra
 10893 | D:9      | Reached XP level 11. HP: 81/81 MP: 11/11
 10979 | D:9      | Found a staircase to the Lair.
 11631 | D:10     | Entered Level 10 of the Dungeon
 11903 | D:10     | Reached * piety under Elyvilon
 12177 | D:10     | Reached ** piety under Elyvilon
 12227 | D:10     | Noticed a two-headed ogre
 12243 | D:10     | Killed a two-headed ogre
 12243 | D:10     | Reached skill level 5 in Shields
 13176 | D:11     | Reached skill level 10 in Long Blades
 13453 | D:11     | Noticed a cyclops
 13467 | D:11     | Killed a cyclops
 13490 | D:11     | Noticed a two-headed ogre
 13510 | D:11     | Killed a two-headed ogre
 13780 | D:11     | Found a staircase to the Orcish Mines.
 13781 | D:11     | Noticed a manticore
 13810 | D:11     | Killed a manticore
 14407 | D:11     | Noticed a two-headed ogre
 14421 | D:11     | Killed a two-headed ogre
 14421 | D:11     | Reached XP level 12. HP: 83/89 MP: 12/12
 14512 | D:11     | Found a sparkling altar of Nemelex Xobeh.
 14685 | D:11     | Noticed an eight-headed hydra
 14701 | D:11     | Killed a one-headed hydra
 14843 | D:11     | Killed an unseen horror
 14843 | D:11     | Reached skill level 11 in Long Blades
 14900 | D:11     | Found Asigir's Gadget Shoppe.
 15196 | Orc:1    | Entered Level 1 of the Orcish Mines
 15260 | D:11     | HP: 2/89 [orc warrior/+0 flail (10)]
 16908 | Orc:2    | Entered Level 2 of the Orcish Mines
 16935 | Orc:2    | Found a dark tunnel.
 16953 | Orc:2    | Found a roughly hewn altar of Beogh.
 16953 | Orc:2    | Noticed an orc high priest
 16965 | Orc:2    | Found Zog Vakh's Jewellery Shop.
 16978 | Orc:2    | Gained mutation: Scrolls take you a little longer to read.
                  | [a neqoxec]
 16978 | Orc:2    | Killed an orc high priest
 17013 | Orc:2    | Bought a +4 ring of slaying for 936 gold pieces
 17241 | Orc:2    | Found a roughly hewn altar of Beogh.
 17304 | Orc:2    | Reached *** piety under Elyvilon
 17345 | Orc:2    | Reached skill level 12 in Long Blades
 17372 | Orc:2    | Found a roughly hewn altar of Beogh.
 17373 | Orc:2    | Found Loifit's Gadget Boutique.
 17394 | Orc:2    | Noticed Erolcha
 17429 | Orc:2    | Killed Erolcha
 17662 | Orc:2    | Reached XP level 13. HP: 94/96 MP: 13/13
 17700 | Orc:2    | Found a staircase to the Elven Halls.
 17942 | Orc:2    | Found a roughly hewn altar of Beogh.
 18196 | Orc:2    | Found a roughly hewn altar of Beogh.
 18317 | Orc:2    | Found a roughly hewn altar of Beogh.
 18995 | Orc:2    | Found Daed's Antique Armour Shoppe.
 18996 | Orc:2    | Found a roughly hewn altar of Beogh.
 19006 | Orc:2    | Found Quonewk's Antique Weapon Emporium.
 19640 | D:12     | Reached skill level 13 in Long Blades
 20008 | D:12     | Found Vofrai Tunn's General Store.
 20098 | D:12     | Reached **** piety under Elyvilon
 21252 | D:13     | Noticed a centaur warrior
 21264 | D:13     | Killed a centaur warrior
 21560 | D:13     | Found a gate to the Vaults.
 21871 | D:13     | Found the +5 scythe "Finisher" {speed, eviscerate}
 22547 | D:14     | Identified Roxanne's Incunabulum of the Mountains
 22547 | D:14     | Noticed Roxanne
 22627 | D:14     | Noticed a centaur warrior
 22627 | D:14     | Noticed a centaur warrior
 23161 | Lair:1   | Entered Level 1 of the Lair of Beasts
 23206 | Lair:1   | Reached ***** piety under Elyvilon
 23216 | Lair:1   | Reached XP level 14. HP: 83/106 MP: 14/14
 24464 | Lair:1   | Reached skill level 10 in Armour
 24896 | Lair:2   | Reached skill level 1 in Invocations
 24897 | Lair:2   | Found a staircase to the Snake Pit.
 25905 | Lair:3   | Found a staircase to the Shoals.
 26667 | Lair:3   | Reached ****** piety under Elyvilon
 27018 | Lair:3   | You fall into a shaft and drop 1 floor!
 27027 | Lair:4   | Noticed Nessos
 27692 | Lair:4   | Killed Nessos
 27959 | Lair:4   | Got a masterwork plate armour
 27962 | Lair:4   | Identified the +4 plate armour of Dawn {rPois} (You found
                  | it on level 4 of the Lair of Beasts)
 28176 | Lair:4   | Reached XP level 15. HP: 83/114 MP: 17/17
 29051 | Lair:4   | Reached skill level 14 in Long Blades
 29813 | Lair:6   | Entered Level 6 of the Lair of Beasts
 30040 | Lair:5   | Reached skill level 10 in Fighting
 30585 | Lair:6   | Reached skill level 5 in Invocations
 30621 | Lair:6   | Noticed Snorg
 30627 | Lair:6   | Killed Snorg
 32301 | Lair:6   | Found a large runed translucent door.
 32301 | Lair:6   | Found a large runed translucent door.
 33317 | D:14     | Reached XP level 16. HP: 122/124 MP: 20/20
 33421 | D:14     | Found Zyusomal's Book Shop.
 33706 | D:15     | Entered Level 15 of the Dungeon
 34406 | D:15     | Found a staircase to the Depths.
 36041 | Shoals:1 | Entered Level 1 of the Shoals
 36041 | Shoals:1 | Found Vuon's Book Emporium.
 36095 | Shoals:1 | Reached skill level 15 in Long Blades
 36947 | Shoals:1 | Noticed a kraken
 37328 | Shoals:1 | Reached skill level 10 in Shields
 37420 | Shoals:2 | Noticed a kraken
 37420 | Shoals:2 | Noticed a kraken
 37420 | Shoals:2 | Noticed a kraken
 37420 | Shoals:2 | Noticed a kraken
 37662 | Shoals:2 | Noticed Polyphemus
 38084 | Shoals:1 | Killed Polyphemus
 38104 | Shoals:2 | Found Coar's Jewellery Shop.
 38197 | Shoals:2 | Bought an uncursed ring of protection from magic for 450
                  | gold pieces
 38197 | Shoals:2 | Bought the amulet "Icudoqob" {Reflect rF+ SH+5} for 792
                  | gold pieces
 38466 | Shoals:1 | Reached XP level 17. HP: 128/133 MP: 22/22
 38541 | Shoals:1 | Got a translucent quarterstaff
 39264 | Shoals:2 | Noticed Jorgrun
 39291 | Shoals:2 | Killed Jorgrun
 39291 | Shoals:2 | Reached skill level 5 in Dodging
 40379 | Shoals:3 | Noticed a kraken
 40740 | Shoals:3 | Found a runed translucent door.
 40742 | Shoals:3 | Noticed Iqoyno's ghost (adept GrFi)
 41208 | Shoals:3 | Found Afrebbem's Jewellery Shop.
 41881 | Shoals:4 | Entered Level 4 of the Shoals
 41899 | Shoals:4 | Reached XP level 18. HP: 140/140 MP: 23/23
 42688 | Shoals:4 | Reached skill level 16 in Long Blades
 42688 | Shoals:4 | Reached XP level 19. HP: 65/148 MP: 21/24
 43692 | Shoals:4 | Got a barnacled rune of Zot
 43904 | Shoals:3 | Killed Iqoyno's ghost
 44292 | Elf:1    | Entered Level 1 of the Elven Halls
 45518 | Elf:1    | Reached skill level 5 in Throwing
 46253 | Elf:1    | Found Foumetim's Antique Armour Shop.
 46554 | Elf:1    | Noticed a Tzitzimitl
 47748 | Elf:2    | Found a runed translucent door.
 47771 | Elf:2    | Found a runed translucent door.
 47909 | Elf:2    | Found a magical portal.
 48693 | Elf:2    | Reached XP level 20. HP: 91/156 MP: 26/26
 50219 | Vaults:1 | Entered Level 1 of the Vaults
 51132 | Vaults:1 | Reached skill level 17 in Long Blades
 51178 | Vaults:1 | Reached skill level 10 in Invocations
 52785 | Vaults:2 | Found a staircase to the Crypt.
 53178 | Vaults:2 | Reached XP level 21. HP: 79/163 MP: 26/28
 53416 | Vaults:2 | Found Lefavveg's Weapon Boutique.
 53421 | Vaults:2 | Bought 5 datura-tipped darts for 32 gold pieces
 54445 | Vaults:3 | Reached skill level 15 in Shields
 55403 | Vaults:3 | Noticed Xtahua
 55416 | Vaults:3 | Paralysed by Xtahua for 4 turns
 55424 | Vaults:3 | Killed Xtahua
 55424 | Vaults:3 | Reached skill level 18 in Long Blades
 55756 | Vaults:3 | Got a pair of warped gloves
 55767 | Vaults:3 | Identified the cursed +0 pair of gloves of Kesaul {Regen+
                  | Dex+4 Stlth+} (You found it on level 3 of the Vaults)
 55895 | Vaults:3 | Noticed a lich
 55905 | Vaults:3 | Killed a lich
 56314 | Vaults:4 | Paralysed by a hornet for 2 turns
 56794 | Vaults:4 | Reached XP level 22. HP: 128/173 MP: 30/30
 57608 | Vaults:4 | Found the +18 shield of the Gong {rElec rN+ MR+ EV-5}
 58313 | Elf:3    | Entered Level 3 of the Elven Halls
 58656 | Elf:3    | Found an ancient bone altar of Kikubaaqudgha.
 58669 | Elf:3    | Noticed Nikola
 58692 | Elf:3    | Killed Nikola
 59331 | Elf:3    | Identified the cursed +1 flail "Dragon's Tongue" {vorpal,
                  | rPois rF++}
 59345 | Elf:3    | Reached skill level 19 in Long Blades
 59408 | Elf:3    | HP: 8/174 [deep elf annihilator/crystal spear (72)]
 59919 | Elf:3    | Identified the +3 fire dragon scales of Starshine {rF++ rC-
                  | Int+5 Dex-3}
 59985 | Elf:3    | Identified the cursed +0 rapier of Daysk {vorpal, Int+2
                  | SInv}
 60588 | Elf:3    | Identified the Grimoire of Beguiling and Transmutation
 61413 | Vaults:5 | Entered Level 5 of the Vaults
 61431 | Vaults:5 | Reached skill level 15 in Armour
 61457 | Vaults:5 | HP: 8/174 [frost giant/+2 battleaxe of freezing (9)]
 61457 | Vaults:5 | HP: 3/174 [frost giant/+2 battleaxe of freezing (5)]
 61458 | Vaults:5 | Elyvilon protects you from harm!
 61458 | Vaults:5 | Was placed under penance by Elyvilon
 61458 | Vaults:5 | HP: 1/174 [tentacled monstrosity (3)]
 61459 | Vaults:5 | Slain by a tentacled monstrosity

Illustrated notes

Levels and vault maps discovered:
D:1:      minmay_arrival_up_and_down, layout_basic
D:2:      layout_basic, kennysheep_decorative_pillar, uniq_sigmund
D:3:      layout_basic
D:4:      layout_loops_cross, first_ration, uniq_pikel
D:5:      layout_basic, gammafunk_ghost_split, serial_shops, nicolae_shop_stone,
          minmay_misc_feat_diagonals
D:6:      layout_rooms, minmay_temple_entry_ruins, biasface_ghost_orc_armoury
D:7:      layout_basic, gammafunk_ghost_cemetery
D:8:      minmay_flawed_box, layout_loops_cross, elyvilon_altar_3
D:9:      layout_loops_cross, david_lair_shrubbed, hangedman_ranch
          [blue_anna_fruit_fields]
D:10:     layout_irregular_city
D:11:     layout_basic, orc_0_dummy, basic_altar, serial_shops,
          kennysheep_little_box, kennysheep_generic_room_3
D:12:     layout_rooms, enter_bailey_3, serial_shops, shop,
          portal_ice_cave_entry_ice_beasts, minmay_microvault
D:13:     layout_basic, erik_vaults_1, minmay_guarded_unrand_finisher
D:14:     layout_cave_pools, serial_glass, glass_columns_a, glass_columns_b,
          glass_columns_b, glass_columns_a, glass_columns_b, serial_shops, shop,
          bh_circular_ruins, uniq_roxanne
D:15:     gammafunk_depths_entry_grave, layout_long_grid
Lair:1:   layout_chaotic_city, serial_bayou_shore_b, serial_bayou_shore_a,
          infiniplex_staircase_pool_2, minmay_lair_oklob_chamber,
          lemuel_fruit_tree
Lair:2:   layout_roguey, guppyfry_snake_entry_island
Lair:3:   layout_chaotic_city, shoals_dummy_entry, grunt_megastairs_2
Lair:4:   layout_long_grid, uniq_nessos
Lair:5:   layout_regular_city, cheibrodos_lair_caveside_slide, wad_woods_road_03
Lair:6:   cheibrodos_lair_end_hotspot, layout_gridlike,
          minmay_slime_entry_oklob_enclosed, uniq_snorg
Shoals:1: layout_shoals, serial_shops, shop,
          nicolae_shoals_stone_sculpture_thing, argonaut_gorgonesque
Shoals:2: layout_shoals, serial_shops, shop, abandoned_shop,
          nicolae_shoals_kraken_party, uniq_jorgrun, uniq_polyphemus
Shoals:3: layout_shoals, gammafunk_ghost_grave, serial_shops, shop_statue
Shoals:4: shoals_end_grunt_garden, layout_shoals, yaktaur_hedge
Orc:1:    cheibrodos_orc_bank, layout_diamond_mine
Orc:2:    grunt_orc_community_town_hall, layout_diamond_mine,
          grunt_orc_community_big_house_1, grunt_orc_community_big_house_1,
          grunt_orc_community_house_2, grunt_orc_community_house_2,
          grunt_orc_community_house_1, grunt_orc_community_house_3, basic_altar,
          enter_volcano_2, nicolae_orc_stony_grotto, nicolae_orc_lost_temple,
          uniq_erolcha
Elf:1:    minmay_elf_arrival_summoners, layout_gridlike, serial_shops, shop,
          evilmike_minifort, roderic_lattice_octagonal_star
Elf:2:    layout_geoelf_diagonals, mu_enter_wizlab_5, st_stairs_6, minivault_16
Elf:3:    minmay_elf_hall_not_hex, layout_loops_corners, basic_altar,
          st_stairs_14, grunt_ministairs_4, drop_trap, minmay_misc_feat_five,
          grunt_megastairs_4, uniq_nikola
Vaults:1: ontoclasm_vaults_idyll, nicolae_vaults_stairing_the_circle, st_check,
          vaults_dpeg_encased_lava, layout_vaults_omnigrid
Vaults:2: vaults_dpeg_hooks, v_misc_19, ontoclasm_vaults_ring_square,
          minmay_crypt_entry_skeletal_spiral, hangedman_vaults_corner_blocks,
          grunt_vaults_diagonal, nicolae_vaults_asterisk, v_misc_22, v_misc_15,
          vaults_room_pool, dpeg_vaults_monster_box, layout_vaults_omnicross
Vaults:3: hangedman_vaults_slice, v_misc_22, nicolae_vaults_puzzle_piece,
          nicolae_vaults_network_s, vaults_room_hallway, v_misc_10,
          vaults_mumra_hex, vaults_room_hangedman_quadrants, v_pattern_1,
          v_alt_pattern_4, vaults_room_hallway, layout_vaults_omnibox,
          uniq_xtahua
Vaults:4: dpeg_vaults_monster_doublerow, nicolae_vaults_alarming,
          v_alt_pattern_2, vaults_room_hallway,
          nicolae_vaults_mini_display_case, layout_vaults_chaotic_city
Vaults:5: uniq_saint_roka, uniq_mara

Skill      XL: |  1  2  3  4  5  6  7  8  9 10 11 12 13 14 15 16 17 18 19 20 21 22 |
---------------+-------------------------------------------------------------------+-----
Polearms       | 4 5 6 9 |  9.7
Armour         | 3 4 5 6 7 8 9 10 11 12 13 14 15 | 15.0
Fighting       | 3 4 5 6 7 8 9 10 11 12 13 14 | 14.9
Short Blades   | 2 |  2.5
Throwing       | 3 4 6 7 9 |  9.9
Dodging        | 1 2 3 4 7 8 |  8.9
Maces & Flails | 4 |  4.1
Long Blades    | 1 6 9 10 12 13 14 15 16 17 18 19 | 19.3
Shields        | 3 6 8 9 10 11 12 13 14 15 | 15.0
Invocations    | 3 6 7 9 10 11 12 | 12.2
Stealth        | |  1.0
Evocations     | |  1.0

Action                   |  1- 3 |  4- 6 |  7- 9 | 10-12 | 13-15 | 16-18 | 19-21 | 22-24 || total
-------------------------+-------+-------+-------+-------+-------+-------+-------+-------++-------
Melee: Spear             |    98 |    68 |    18 |       |       |       |       |     4 ||   188
       Short sword       |       |    24 |       |       |       |       |       |       ||    24
       Whip              |       |       |   185 |       |       |       |       |       ||   185
       Great sword       |       |       |   108 |   221 |    18 |       |       |       ||   347
       Long sword        |       |       |    82 |   232 |  1050 |   926 |       |     9 ||  2299
       Falchion          |       |       |       |   941 |    42 |       |       |       ||   983
       Scythe            |       |       |       |       |   332 |       |       |       ||   332
       Double sword      |       |       |       |       |       |   136 |  1851 |   368 ||  2355
Throw: Dart              |     7 |    22 |    19 |    12 |    33 |    10 |       |     1 ||   104
       Javelin           |       |       |    16 |     5 |    45 |    90 |    81 |    34 ||   271
       Throwing net      |       |       |       |     2 |       |     4 |       |       ||     6
       Stone             |       |       |       |       |       |     1 |       |       ||     1
Invok: Lesser Healing    |       |       |       |     4 |       |       |       |    20 ||    24
       Greater Healing   |       |       |       |       |       |    24 |    12 |    21 ||    57
       Purification      |       |       |       |       |       |     3 |     2 |       ||     5
       Divine Protection |       |       |       |       |       |       |     1 |     2 ||     3
 Abil: Evoke Blink       |       |       |       |       |       |       |       |     1 ||     1
Evoke: Wand              |       |       |       |       |       |    10 |     4 |       ||    14
       Phantom mirror    |       |       |       |       |       |       |       |     2 ||     2
       Phial of floods   |       |       |       |       |       |       |       |     1 ||     1
  Use: Scroll            |     5 |     6 |     9 |     8 |    16 |    10 |     7 |     4 ||    65
       Potion            |       |     2 |     4 |    12 |     2 |    12 |     8 |    16 ||    56
 Stab: Invisible         |       |     2 |       |       |       |     5 |       |     5 ||    12
       Held in net/web   |       |       |       |     1 |       |       |       |       ||     1
       Distracted        |       |       |       |       |       |       |       |     1 ||     1
  Eat: Chunk             |     1 |     1 |    11 |    20 |    24 |    21 |    23 |     4 ||   105
       Ration            |       |     2 |     2 |     4 |     9 |     6 |     9 |     7 ||    39
Armor: Ring mail         |    15 |    11 |       |       |       |       |       |       ||    26
       Scale mail        |       |     7 |    61 |       |       |       |       |       ||    68
       Plate armour      |       |       |   214 |  1106 |  1327 |   824 |   775 |   340 ||  4586
       Skin              |       |       |       |       |       |    10 |       |       ||    10
Dodge: Dodged            |    24 |    32 |   149 |   322 |   481 |   332 |   423 |   193 ||  1956
Block: Kite shield       |       |       |       |   609 |   692 |   936 |  1724 |   542 ||  4503
       Reflection        |       |       |       |       |       |    96 |   148 |    28 ||   272
       Rpst.: Great sword |       |       |    15 |    23 |     6 |       |       |       ||    44
       Long sword        |       |       |     8 |    20 |    65 |    51 |       |       ||   144
       Falchion          |       |       |       |    38 |     2 |       |       |       ||    40
       Double sword      |       |       |       |       |       |     7 |    87 |    39 ||   133
